 Dungeon Crawl Stone Soup version 0.28.0-43-g3370ac3207 (webtiles) character file.

Game seed: 5955564807960454954

72 issech the Cudgeller (level 4, -2/44 HPs)
             Began as a Troll Monk on Mar 8, 2022.
             Slain by a goblin
             ... wielding a +0 club
             ... led by Robin
              (6 damage)
             ... on level 2 of the Dungeon.
             The game lasted 00:04:17 (1183 turns).

issech the Cudgeller (Troll Monk)                   Turns: 1183, Time: 00:04:18

Health: -2/44      AC:  4    Str: 19    XL:     4   Next: 6%
Magic:  3/3        EV: 10    Int:  2    God:
Gold:   55         SH:  0    Dex: 14    Spells: 3/3 levels left

rFire   . . .      SeeInvis .   a - +0 mace
rCold   . . .      Faith    .   (no shield)
rNeg    + + .      Spirit   .   b - +0 robe
rPois   +          Reflect  .   (helmet restricted)
rElec   .          Harm     .   (no cloak)
rCorr   .          Rampage  .   (gloves unavailable)
Will    .....                   (boots unavailable)
Stlth   ++........              (no amulet)
HPRegen 0.94/turn               l - ring of the Pariah {rPois rN++ Int-4}
MPRegen 0.08/turn               (no ring)

@: no status effects
A: large, unfitting armour, claws 3, regeneration 1, shaggy fur 1, tough skin 1
a: no special abilities


You were on level 2 of the Dungeon.
You visited 1 branch of the dungeon, and saw 2 of its levels.

You collected 55 gold pieces.

Inventory:

Hand Weapons
 a - a +0 mace (weapon)
 e - a +0 hunting sling
Missiles
 c - 27 stones (quivered)
 d - 15 sling bullets
 k - 25 bolts
Armour
 b - a +0 robe (worn)
Jewellery
 l - the ring of the Pariah (left claw) {rPois rN++ Int-4}
   (You found it on level 2 of the Dungeon)

   [ring of poison resistance]

   Int:       It affects your intelligence (-4).
   rPois:     It protects you from poison.
   rN:        It greatly protects you from negative energy.
Scrolls
 g - a scroll of identify {unknown}
 h - a scroll of noise {unknown}
 i - a scroll of teleportation {unknown}
 j - a scroll of fear {unknown}
Potions
 f - a potion of heal wounds {unknown}


   Skills:
 + Level 2.8 Fighting
 + Level 3.5 Maces & Flails
 + Level 3.0 Dodging
 + Level 1.2 Stealth


You had 3 spell levels left.
You didn't know any spells.
Your spell library contained the following spells:

 Spells                   Type           Power      Damage    Failure   Level
 Animate Skeleton         Necr           0%         N/A       54%         1
 Pain                     Necr           0%         1d4       54%         1
 Vampiric Draining        Necr           0%         2d6       89%         3


Dungeon Overview and Level Annotations

Branches:
Dungeon (2/15)

Altars:


Innate Abilities, Weirdness & Mutations

You are too large for most types of armour.
You have claws for hands.
Your natural rate of healing is unusually fast.
You are covered in fur. (AC +1)
You have tough skin. (AC +1)


Message History

Robin is heavily wounded.
The goblin no longer looks unusually strong.
The goblin closely misses you.
You barely miss Robin.
Robin is heavily wounded.
The goblin completely misses you. The goblin closely misses you.
You hit Robin.
Robin is severely wounded.
The goblin no longer looks unusually strong. x2
Robin roars a battlecry!
The goblins go into a battle-frenzy!
The goblin hits you with a +0 club.
You hit Robin.
Robin is almost dead.
Robin hits you with a +0 short sword. The goblin barely misses you.
You hit Robin.
You kill Robin!
The goblin closely misses you.
Your Dodging skill increases to level 3!
You have reached level 4!
You closely miss the goblin. The goblin hits you with a +0 club.
The goblin closely misses you.
You hit the goblin.
The goblin is moderately wounded.
The goblin barely misses you. x2; The goblin hits you with a +0 club.
* * * LOW HITPOINT WARNING * * *
You miss the goblin.
The goblin is moderately wounded.
The goblin misses you. The goblin hits you with a +0 club.
* * * LOW HITPOINT WARNING * * *
The goblin closely misses you.
You hit the goblin.
The goblin is severely wounded.
The goblin hits you with a +0 club.
* * * LOW HITPOINT WARNING * * *
The goblin completely misses you.
You hit the goblin but do no damage.
The goblin is severely wounded.
The goblin misses you. The goblin hits you with a +0 club.
You die...

..#.....## .##.. ....#..## ..##.
.<.#..## #.##.♣♣♣♣♣ .....##
#.##...... ....## #..##.###.
.....# #.....# #. .#.#.# #.....#
#
.#.#.###################.....###.
.#.#..........gg@ggg......g....gg
..<..###################.....##.#
####....# #.....# . .# #....##
#.....# .# ####..# ####### .#
#..# ## #..# ##.# ###


You could see 5 goblins.

Vanquished Creatures
  Robin (D:2)
  3 adders (D:2)
  5 bats
  An endoplasm (D:1)
  7 goblins
  4 hobgoblins
  4 jackals (D:2)
  A frilled lizard (D:1)
  A kobold (D:1)
  5 rats
32 creatures vanquished.

Vanquished Creatures (others)
  4 toadstools (D:1)
4 creatures vanquished.

Grand Total: 36 creatures vanquished

Notes
Turn   | Place    | Note
-------+----------+-------------------------------------------
     0 | D:1      | issech the Troll Monk began the quest for the Orb.
     0 | D:1      | Reached XP level 1. HP: 22/22 MP: 0/0
   304 | D:1      | Reached XP level 2. HP: 29/29 MP: 1/1
   882 | D:2      | Reached XP level 3. HP: 23/36 MP: 2/2
  1136 | D:2      | Identified the ring of the Pariah {rPois rN++ Int-4}
  1137 | D:2      | Noticed Robin
  1178 | D:2      | Killed Robin
  1179 | D:2      | Reached XP level 4. HP: 17/44 MP: 3/3
  1183 | D:2      | Slain by a goblin

Illustrated notes

Levels and vault maps discovered:
D:1:      ldierk_walled_garden_2, layout_loops_ring, nrook_loot_triangle
D:2:      layout_rooms, st_stairs_12, nrook_campfire, uniq_robin

Skill      XL: |  1  2  3 |
---------------+----------+-----
Maces & Flails | 3 |  3.5
Dodging        | 3 |  3.0
Fighting       | |  2.8
Stealth        | |  1.2

Action                   |  1- 3 |  4- 6 || total
-------------------------+-------+-------++-------
Melee: Mace              |   104 |     5 ||   109
       Punch             |     2 |       ||     2
 Stab: Sleeping          |     4 |       ||     4
Armor: Robe              |    58 |       ||    58
Dodge: Dodged            |    56 |     7 ||    63
